 Dungeon Crawl Stone Soup version 0.30-a0-311-gf115ab0292 (webtiles) character file.

Game seed: 12876130476273409527

3445 Elric the Spear-Bearer (level 10, -11/77 HPs)
             Began as a Merfolk Gladiator on May 17, 2021.
             Was a Priest of Wu Jian.
             Killed from afar by Erica (14 damage)
             ... with a lance of force
             ... on level 8 of the Dungeon on Oct 25, 2022.
             The game lasted 00:29:03 (11370 turns).

Elric the Spear-Bearer (Merfolk Gladiator)         Turns: 11370, Time: 00:29:05

Health: -11/77     AC: 11    Str: 17    XL:     10   Next: 5%
Magic:  10/10      EV: 18    Int:  7    God:    Wu Jian [***...]
Gold:   424        SH:  0    Dex: 17    Spells: 9/9 levels left

rFire   . . .      SeeInvis .    a - +2 trident
rCold   . . .      Faith    .    (no shield)
rNeg    . . .      Spirit   .    y - +0 acid dragon scales
rPois   .          Reflect  .    c - +1 helmet
rElec   .          Harm     .    (no cloak)
rCorr   +          Rampage  .    f - +0 pair of gloves
Will    .....                    (no boots)
Stlth   +.........               (no amulet)
HPRegen 0.32/turn                o - +4 ring of evasion
MPRegen 0.12/turn                (no ring)

@: lethally poisoned (-11 -> -15), serpent's lash
A: (nimble swimmer 2), mertail
a: Renounce Religion, Wall Jump, Serpent's Lash


You were on level 8 of the Dungeon.
You worshipped Wu Jian.
Wu Jian was most pleased with you.
You visited 1 branch of the dungeon, and saw 8 of its levels.

You collected 424 gold pieces.

Inventory:

Hand Weapons
 a - a +2 trident (weapon)
 e - a +0 short sword
 r - a +0 lajatang
 z - a +0 morningstar
Armour
 b - a +0 leather armour
 c - a +1 helmet (worn)
 f - a +0 pair of gloves (worn)
 g - the +5 ring mail "Unitzet" {Contam rPois Int+4}
   (You found it on level 4 of the Dungeon)

   Int:       It affects your intelligence (+4).
   rPois:     It protects you from poison.
   Contam:    It causes magical contamination when unequipped.
 k - a +0 scale mail
 t - a +0 chain mail
 y - +0 acid dragon scales (worn)
Magical Staves
 v - a staff of earth
Jewellery
 l - a ring of ice
 o - a +4 ring of evasion (left hand)
Wands
 j - a wand of flame (18)
 x - a wand of polymorph (14)
Scrolls
 h - a scroll of amnesia
 m - 9 scrolls of identify
 p - 3 scrolls of magic mapping
 q - a scroll of teleportation
 s - a scroll of enchant weapon
 w - a scroll of torment
 A - a scroll of blinking
Potions
 d - a potion of attraction
 i - a potion of resistance
 n - a potion of might
 u - a potion of heal wounds


   Skills:
 - Level 6.6 Fighting
 * Level 11.6 Polearms
 - Level 2.1 Throwing
 - Level 7.0 Armour
 + Level 4.8 Dodging
 + Level 0.7 Stealth


You had 9 spell levels left.
You didn't know any spells.
Your spell library contained the following spells:

 Spells                   Type           Power      Damage    Failure   Level
 Beastly Appendage        Tmut           0%         N/A       52%         1
 Magic Dart               Conj           0%         1d3       52%         1
 Slow                     Hex            0%         N/A       52%         1
 Blink                    Tloc           0%         N/A       65%         2
 Call Imp                 Summ           0%         N/A       65%         2
 Wereblood                Tmut           0%         N/A       65%         2
 Mephitic Cloud           Conj/Pois/Air  0%         N/A       87%         3
 Spider Form              Tmut/Pois      0%         N/A       87%         3
 Ice Form                 Ice/Tmut       0%         N/A       99%         4


Dungeon Overview and Level Annotations

Branches:
Dungeon (8/15)             Temple (0/1) D:7
   Lair: D:8-11

Altars:
Trog
Wu Jian

Annotations:
D:4 2 transporters, cirn0's ghost, novice MiFi
D:6 2 runed translucent doors, Sergey's ghost, amateur DEEE
D:8 Erica


Innate Abilities, Weirdness & Mutations

((You are very nimble when in or above water. (Stealth+, EV+, Speed+++)))
Your lower body shifts to a powerful aquatic tail in water.


Message History

Deactivating autopickup; reactivate with Ctrl-A.
You miss something. You puncture something!
Something hits you but does no damage.
You hit something. Your punch misses something. Something barely misses you.
You hit something. You closely miss something.
You hear some strange, mumbled words.
A bolt of poison appears from out of thin air!
The bolt of poison hits you!!
You are poisoned.
You miss something.
You feel very sick. Something hits you but does no damage.
You hit something but do no damage.
You feel sick. Something hits you! Something burns you.
You hit something but do no damage.
You feel sick.
Your muscles tense, ready for explosive movement...
You puncture something!
You feel sick.
You hear some strange, mumbled words.
Something tries to affect you, but you resist.
You miss something.
You feel sick. Something hits you.
* * * LOW HITPOINT WARNING * * *
Something burns you.
* * * LOW HITPOINT WARNING * * *
You closely miss something.
You feel sick.
You miss something.
You feel sick. Something hits you.
* * * LOW HITPOINT WARNING * * *
Something burns you.
* * * LOW HITPOINT WARNING * * *
You miss something.
You feel sick. Something hits you.
* * * LOW HITPOINT WARNING * * *
Something burns you.
* * * LOW HITPOINT WARNING * * *
You miss something.
* * * LOW HITPOINT WARNING * * *
You feel sick.
You hear some strange, mumbled words.
A lance of force appears from out of thin air!
The lance of force hits you!
You die...

########.#######......#
.........#.##.#.......#
##.#####.#<##<#)......# #.#
#..)[))......# #.#
#.##.######### #.# #)##.####
##.#######.......####
...#.......##....>..#
##.##.#.........@{..#######.
.#.##.##...##...............
##.#................########
...#.....#..........#
#####.##.####.......#
.........# #.......#
....####.# #########
.<...###.### ...........#


There were no monsters in sight!

Vanquished Creatures
  Eustachio (D:5)
  A wyvern (D:7)
  Menkaure (D:5)
  An acid dragon (D:8)
  A water moccasin (D:7)
  An ice beast (D:7)
  2 sky beasts
  A black bear (D:8)
  A hornet zombie (D:8)
  An orc warrior (D:7)
  3 ogres (D:6)
  A centaur (D:5)
  2 phantoms
  6 scorpions
  A wyvern skeleton (D:6)
  7 killer bees
  5 wights (D:6)
  2 gnoll boudas
  A centaur zombie (D:8)
  2 jellies
  3 centaur skeletons
  3 orc priests (D:8)
  A hound (D:6)
  4 iguanas
  3 orc wizards
  2 hound skeletons (D:4)
  17 gnolls
  4 adders
  4 worms
  2 dart slugs
  21 orcs
  7 bats
  7 endoplasms
  A giant cockroach (D:1)
  6 goblins
  5 hobgoblins
  12 jackals
  9 kobolds
  A quokka (D:3)
  4 ball pythons
  3 frilled lizards
  10 rats
170 creatures vanquished.

Notes
Turn   | Place    | Note
-------+----------+-------------------------------------------
     0 | D:1      | Elric the Merfolk Gladiator began the quest for the Orb.
     0 | D:1      | Reached XP level 1. HP: 16/16 MP: 1/1
   203 | D:1      | Found a faded altar of an unknown god.
   250 | D:1      | Reached XP level 2. HP: 22/22 MP: 2/2
   284 | D:1      | Became a worshipper of the Wu Jian Council
   284 | D:1      | Reached * piety under Wu Jian
   534 | D:1      | Reached skill level 5 in Polearms
   534 | D:1      | Reached XP level 3. HP: 4/28 MP: 3/3
  1278 | D:2      | Reached ** piety under Wu Jian
  1419 | D:2      | Reached skill level 6 in Polearms
  1419 | D:2      | Reached XP level 4. HP: 8/34 MP: 4/4
  2387 | D:2      | Reached XP level 5. HP: 36/41 MP: 5/5
  2567 | D:3      | You fall into a shaft and drop 3 floors!
  2596 | D:5      | Entered Level 5 of the Dungeon
  2604 | D:5      | Reached skill level 7 in Polearms
  2639 | D:5      | Reached XP level 6. HP: 25/48 MP: 6/6
  2828 | D:5      | HP: 2/48 [centaur/arrow (4)]
  2839 | D:5      | Reached skill level 8 in Polearms
  3159 | D:5      | Noticed a sky beast
  3178 | D:5      | Killed a sky beast
  3302 | D:5      | Reached skill level 9 in Polearms
  3302 | D:5      | Reached XP level 7. HP: 55/55 MP: 7/7
  3713 | D:4      | Reached skill level 5 in Fighting
  3872 | D:4      | Reached *** piety under Wu Jian
  4085 | D:4      | Reached skill level 10 in Polearms
  4614 | D:4      | Identified the +5 ring mail "Unitzet" {Contam rPois Int+4}
  4877 | D:4      | Noticed cirn0's ghost (novice MiFi)
  4878 | D:4      | Identified the +4 great mace "Weinkas" {freeze, Drain rC+++
                  | Will++ Str-4}
  4881 | D:4      | Found a transporter.
  4881 | D:4      | Found a transporter.
  5625 | D:3      | Reached XP level 8. HP: 63/63 MP: 8/8
  5743 | D:3      | Noticed a moth of wrath
  5746 | D:3      | Found a bloodstained altar of Trog.
  5839 | D:5      | Reached skill level 11 in Polearms
  6053 | D:5      | Noticed Eustachio
  6069 | D:5      | Killed Eustachio
  6929 | D:6      | Found a large runed translucent door.
  6931 | D:6      | Found a large runed translucent door.
  6934 | D:6      | Noticed Sergey's ghost (amateur DEEE)
  6997 | D:6      | Reached skill level 12 in Polearms
  7465 | D:6      | Noticed Menkaure
  7526 | D:5      | Killed Menkaure
  7527 | D:5      | Reached skill level 1 in Armour
  7822 | D:6      | Reached XP level 9. HP: 57/71 MP: 9/9
  8685 | D:7      | Reached skill level 5 in Armour
  8780 | D:7      | Found a staircase to the Ecumenical Temple.
 10927 | D:8      | Reached XP level 10. HP: 69/77 MP: 10/10
 11344 | D:8      | Noticed Erica
 11357 | D:8      | Reduced skill Polearms to level 11
 11357 | D:8      | Upgraded the game from 0.27-a0-1182-gee19b5822f to
                  | 0.30-a0-311-gf115ab0292
 11370 | D:8      | HP: 3/77 [poisoned by Erica (bolt of poison)]
 11370 | D:8      | Killed from afar by Erica

Illustrated notes

Levels and vault maps discovered:
D:1:      shiori_shiawase, layout_rooms, ebering_ecumenical_altar_webs
D:2:      layout_rooms, minmay_tetromino_o4
D:3:      layout_loops_ring, tgw_trog, minmay_checkerbox
D:4:      layout_loops_ring, gammafunk_ghost_smash, st_stairs_9,
          kennysheep_crisscross, chequers_serial_rivers_small_3,
          kennysheep_generic_room_5
D:5:      layout_cave_pods, chequers_serial_rivers_marsh,
          amcnicky_mini_pool_small, uniq_eustachio
D:6:      layout_loops_corners, ebering_ghost_disaster_area, minivault_1,
          uniq_menkaure
D:7:      layout_basic, minmay_temple_entry_stoned_glass
D:8:      mumra_celtic_spiral_tile, layout_loops_cross, uniq_erica

Skill      XL: |  1  2  3  4  5  6  7  8  9 10 |
---------------+-------------------------------+-----
Polearms       | 5 6 7 9 10 12 11 | 11.6
Fighting       | 3 4 5 6 |  6.6
Armour         | 2 6 7 |  7.0
Throwing       | |  2.1
Dodging        | |  4.8
Stealth        | |  0.7

Action                   |  1- 3 |  4- 6 |  7- 9 | 10-12 || total
-------------------------+-------+-------+-------+-------++-------
Melee: Trident           |   125 |   140 |   568 |    27 ||   860
Throw: Throwing net      |     2 |       |     1 |       ||     3
Invok: Whirlwind         |    67 |    20 |    19 |     6 ||   112
       Lunge             |     4 |     2 |     2 |     2 ||    10
       Serpent's Lash    |       |       |     5 |     1 ||     6
 Abil: Wall Jump         |       |    22 |     2 |       ||    24
Evoke: Wand              |       |       |     3 |       ||     3
  Use: Potion            |       |     3 |     1 |       ||     4
       Scroll            |       |     1 |    12 |       ||    13
 Stab: Sleeping          |       |       |       |     1 ||     1
Armor: Leather armour    |    28 |       |       |       ||    28
       Scale mail        |     7 |    58 |    62 |       ||   127
       Chain mail        |       |       |    50 |       ||    50
       Acid dragon scale |       |       |     2 |     5 ||     7
Dodge: Dodged            |    64 |    98 |   188 |    14 ||   364

Table legend: (Time is in decaauts)
 A = Elapsed time spent in this place.
 B = Non-inter-level travel time spent in this place.
 C = Inter-level travel time spent in this place.
 D = Time resting spent in this place.
 E = Time spent auto-exploring this place.
 F = Levels seen in this place.
 G = Mean time per level.
                   A        B        C        D        E       F      G
               +--------+--------+--------+--------+--------+-----+--------+
         Total |  11227 |  10915 |    312 |      0 |   9305 |   8 | 1403.4 |
       Dungeon |  11227 |  10915 |    312 |      0 |   9305 |   8 | 1403.4 |
               +--------+--------+--------+--------+--------+-----+--------+

Top non-repeatable levels by time:
     D:5: 2277 daAuts
     D:8: 1512 daAuts
     D:6: 1463 daAuts
     D:4: 1399 daAuts
     D:7: 1309 daAuts
     D:3: 1283 daAuts
     D:1: 999 daAuts
     D:2: 982 daAuts
